 Dungeon Crawl Stone Soup version 0.20-a0-923-g548304e (webtiles) character file.

9592 HeyBub the Carver (level 11, -6/156 HPs)
             Began as a Minotaur Monk on Mar 26, 2017.
             Was a Priest of Ashenzari.
             Mangled by Fannar
             ... wielding an uncursed staff of cold
              (10 damage)
             ... on level 10 of the Dungeon.
             The game lasted 00:21:51 (10089 turns).

HeyBub the Carver (Minotaur Monk)                  Turns: 10089, Time: 00:21:51

Health: -6/156     AC: 25    Str: 17      XL:     11   Next: 25%
Magic:  10/10      EV:  2    Int:  9 (10) God:    Ashenzari [***...]
Gold:   611        SH:  0    Dex: 17 (18) Spells: 10/10 levels left

rFire    + . .     SeeInvis +   P - +7 war axe of Guile {chop, rF+ Int+3 Dex+3}
rCold    . . .     Gourm    .   (no shield)
rNeg     + + +     Faith    .   (armour currently unavailable)
rPois    +         Spirit   .   (helmet currently unavailable)
rElec    .         Reflect  .   (cloak currently unavailable)
rCorr    .         Harm     .   (gloves currently unavailable)
MR       .....     NoTele   +   (boots currently unavailable)
Stlth    +++.......             (no amulet)
Regen    0.4/turn               m - +4 ring of evasion (curse)
MPRegen  0.2/turn               x - +3 ring of evasion

@: tree-form
A: (retaliatory headbutt), (horns 0), deterioration 1
a: Curse Item, Scrying, Renounce Religion


You were on level 10 of the Dungeon.
You worshipped Ashenzari.
Ashenzari was most pleased with you.
You were full.
You were a tree.
You visited 2 branches of the dungeon, and saw 11 of its levels.
You also visited: Sewer and Ossuary.

You collected 611 gold pieces.

Inventory:

Hand Weapons
 a - a +0 falchion
 p - a +2 falchion of holy wrath
 P - the +7 war axe of Guile (weapon) {chop, rF+ Int+3 Dex+3}
   (You found it on level 10 of the Dungeon)

   It inflicts extra damage upon your enemies.
   It affects your intelligence (+3).
   It affects your dexterity (+3).
   It protects you from fire.
Armour
 b - a +0 robe (melded)
 B - a +2 leather armour of cold resistance
 D - a +1 ring mail of cold resistance
 L - a +0 troll leather armour
Jewellery
 m - a cursed +4 ring of evasion (left branch)
 x - a +3 ring of evasion (right branch)
 N - an uncursed amulet of rage
 O - an uncursed ring of flight
Wands
 s - a wand of disintegration (13/24)
 C - a wand of lightning (4/15)
Scrolls
 d - 2 scrolls of fog {unknown}
 f - a scroll of amnesia {unknown}
 g - 8 scrolls of identify {unknown}
 h - 4 scrolls of immolation {unknown}
 k - 2 scrolls of magic mapping {unknown}
 u - a scroll of fear {unknown}
 y - 6 scrolls of teleportation {unknown}
 A - 3 scrolls of random uselessness
 E - 2 scrolls of enchant armour {unknown}
 G - a scroll of blinking {unknown}
 H - 7 scrolls of remove curse
 K - 2 scrolls of recharging {unknown}
 M - 2 scrolls of enchant weapon {unknown}
Potions
 i - a potion of agility
 j - 2 potions of haste {unknown}
 o - a potion of lignification
 q - a potion of berserk rage {unknown}
 r - a potion of brilliance {unknown}
 v - 5 potions of flight {unknown}
 z - 4 potions of mutation {unknown}
 F - a potion of might {unknown}
 J - 2 potions of cancellation {unknown}
Books
 I - a book of Beasts

   Spells                             Type                      Level
   a - Summon Butterflies             Summoning                    1
   b - Call Canine Familiar           Summoning                    3
   c - Summon Ice Beast               Ice/Summoning                4
   d - Summon Mana Viper              Hexes/Summoning              5
   e - Summon Hydra                   Summoning                    7
Comestibles
 c - a bread ration
 l - 4 meat rations
 n - 13 fruits
 t - 3 royal jellies


   Skills:
 - Level 11.9 Fighting
 - Level 13.0 Long Blades
 + Level 0.5 Axes
 - Level 9.5 Dodging
 - Level 5.7 Stealth


You had 10 spell levels left.
You didn't know any spells.

Dungeon Overview and Level Annotations

Branches:
Dungeon (10/15)            Temple (1/1) D:4            Lair (0/6) D:10
    Orc: D:9-12

Altars:
Ashenzari
Cheibriados
Dithmenos
Elyvilon
Fedhas
Gozag
Hepliaklqana
Kikubaaqudgha
Makhleb
Nemelex Xobeh
Okawaru
Qazlal
Sif Muna
Trog
Uskayaw
Vehumet
Wu Jian
Xom
Yredelemnul
The Shining One

Shops:
D:8 [*:%*

Annotations:
D:6 1 runed door
D:9 1 runed door
D:10 exclusion: ice statue, Fannar


Innate Abilities, Weirdness & Mutations

((You reflexively headbutt those who attack you in melee.))
((You have a pair of horns on your head.))
Your body sometimes deteriorates upon taking damage.


Message History

Fannar is severely wounded.
Fannar completely misses you. You furiously retaliate!
You headbutt Fannar, but do no damage. Fannar hits you with a staff of cold.
* * * LOW HITPOINT WARNING * * *
Fannar freezes you!
* * * LOW HITPOINT WARNING * * *
You turn into a tree.
Your +0 robe melds into your body.
Your roots penetrate the ground.
You slash Fannar!
Fannar is almost dead.
Fannar hits you but does no damage. x2
You barely miss Fannar.
Fannar is almost dead.
Fannar hits you but does no damage.
You barely miss Fannar.
Fannar is almost dead.
Fannar hits you with a staff of cold.
* * * LOW HITPOINT WARNING * * *
Fannar freezes you!
You die...

#.# ** * * #.# *
, , #.# , #.# *,
, #.# ##### *,
#.# #...# ,# ,
#.# #...####..#
##.####..........
#...♣e.......#,,
*
#.#####..........
, #.* #.....##..#
#.* ####..# # #.*
..# , * * #.*
..#*, , #. ..#* ,
* * *..# *


You could see Fannar.

Vanquished Creatures
  Erica (D:8)
  A two-headed ogre (D:8)
  Pikel (D:8)
  The ghost of HeyBub the Slasher, a novice MiMo (D:5)
  Joseph (D:8)
  An elephant (D:10)
  2 trolls
  A hornet (D:8)
  Grinder (D:5)
  Sigmund (D:2)
  A shadow (D:8)
  2 humans (D:9)
  A yak (D:10)
  A wyvern (D:9)
  Menkaure (Ossuary)
  The ghost of Warped the Grave Robber, an amateur DENe (D:3)
  2 water moccasins
  A black bear (D:7)
  5 orc warriors
  2 ice beasts (D:7)
  2 sky beasts
  5 ogres
  A phantom (D:9)
  A centaur (D:9)
  2 crocodiles (D:10)
  A big kobold (Sewer)
  4 bullfrogs
  A water moccasin zombie (D:5)
  2 scorpions
  11 killer bees
  5 howler monkeys
  2 centaur zombies
  4 crimson imps
  A quasit (D:7)
  7 hounds
  6 orc priests
  3 bullfrog skeletons
  10 orc wizards
  A bullfrog zombie (D:5)
  8 worker ants
  3 iguanas
  Ijyb (D:5)
  A hound zombie (D:6)
  4 mummies
  A worker ant zombie (D:5)
  11 adders
  5 gnolls
  2 river rats (Sewer)
  3 shadow imps
  An ooze (D:3)
  An adder skeleton (D:9)
  3 worms
  5 dart slugs
  5 leopard geckos
  28 orcs
  A ball python (D:3)
  4 bats
  11 giant cockroaches
  3 gnoll zombies (Ossuary)
  9 goblins
  7 hobgoblins
  9 jackals
  5 quokkas
  3 frilled lizards
  5 gnoll skeletons (Ossuary)
  4 goblin skeletons
  A goblin zombie (Ossuary)
  4 hobgoblin skeletons (Ossuary)
  5 hobgoblin zombies (Ossuary)
  A jackal skeleton (D:5)
  14 kobolds
  5 kobold zombies (Ossuary)
  A leopard gecko zombie (D:7)
  6 orc skeletons (Ossuary)
  5 orc zombies
  A quokka zombie (D:8)
  9 rats
  A rat skeleton (Ossuary)
  2 rat zombies (Ossuary)
295 creatures vanquished.

Vanquished Creatures (others)
  A slave (D:8)
  2 bullfrog zombies (D:8)
  A bullfrog skeleton (D:8)
  A worker ant (D:8)
  A goblin zombie (Ossuary)
  3 hobgoblin skeletons (Ossuary)
  A hobgoblin zombie (Ossuary)
  A kobold skeleton (Ossuary)
  An orc skeleton (Ossuary)
  2 orc zombies (Ossuary)
  A rat skeleton (Ossuary)
  A rat zombie (Ossuary)
16 creatures vanquished.

Grand Total: 311 creatures vanquished

Notes
Turn   | Place    | Note
-------+----------+-------------------------------------------
     0 | D:1      | HeyBub the Minotaur Monk began the quest for the Orb.
     0 | D:1      | Reached XP level 1. HP: 19/19 MP: 0/0
    81 | D:1      | Reached XP level 2. HP: 17/27 MP: 1/1
   468 | D:1      | Reached XP level 3. HP: 31/34 MP: 2/2
   916 | D:2      | Noticed Sigmund
   930 | D:2      | Killed Sigmund
   930 | D:2      | Reached skill level 5 in Fighting
   930 | D:2      | Reached skill level 4 in Long Blades
   930 | D:2      | Reached XP level 4. HP: 30/44 MP: 3/3
   930 | D:2      | Reached XP level 5. HP: 34/50 MP: 4/4
  1236 | D:2      | Found a hide-covered altar of Uskayaw.
  1311 | D:2      | You fall through a shaft!
  1489 | D:3      | Reached skill level 5 in Long Blades
  1522 | D:3      | Noticed Warped's ghost (amateur DENe)
  1527 | D:3      | Killed Warped's ghost
  1527 | D:3      | Reached XP level 6. HP: 55/57 MP: 5/5
  1991 | D:4      | Reached skill level 5 in Dodging
  2001 | D:4      | Reached skill level 6 in Long Blades
  2052 | D:4      | Found a staircase to the Ecumenical Temple.
  2061 | Temple   | Entered the Ecumenical Temple
  2489 | Temple   | Became a worshipper of Ashenzari the Shackled
  2489 | Temple   | Reached * piety under Ashenzari
  2489 | Temple   | Reached ** piety under Ashenzari
  2574 | D:4      | Found a stormy altar of Qazlal.
  2583 | D:4      | Found an iron altar of Okawaru.
  2639 | D:4      | Found a glowing drain.
  2658 | D:4      | Found a blossoming altar of Fedhas.
  2669 | Sewer    | Entered a sewer
  2737 | Sewer    | Reached XP level 7. HP: 61/64 MP: 6/6
  2756 | Sewer    | Found a white marble altar of Elyvilon.
  3043 | D:4      | Found a hazy altar of Hepliaklqana.
  3186 | D:4      | Found an opulent altar of Gozag.
  3291 | D:5      | Entered Level 5 of the Dungeon
  3299 | D:5      | Noticed Grinder
  3300 | D:5      | Paralysed by Grinder for 4 turns
  3312 | D:5      | Killed Grinder
  3312 | D:5      | Reached skill level 7 in Long Blades
  3419 | D:5      | Reached XP level 8. HP: 69/73 MP: 7/7
  3641 | D:5      | Noticed HeyBub's ghost (novice MiMo)
  3651 | D:5      | Killed HeyBub's ghost
  3651 | D:5      | Reached skill level 8 in Long Blades
  3791 | D:5      | Reached skill level 9 in Long Blades
  3804 | D:5      | Noticed Ijyb
  3822 | D:5      | Killed Ijyb
  3900 | D:5      | Found a sand-covered staircase.
  3934 | Ossuary  | Entered an ossuary
  4172 | Ossuary  | Noticed Menkaure
  4185 | Ossuary  | Killed Menkaure
  4185 | Ossuary  | Reached XP level 9. HP: 49/82 MP: 8/8
  4782 | D:6      | Found a runed door.
  4786 | D:6      | Found a basalt altar of Yredelemnul.
  5218 | D:7      | Reached skill level 10 in Long Blades
  5394 | D:7      | Gained mutation: Your muscles are strong. (Str +2) [mutagenic meat]
  5395 | D:7      | Lost mutation: Your muscles are strong. (Str +2) [mutagenic meat]
  5396 | D:7      | Gained mutation: Your body sometimes deteriorates upon taking damage. [mutagenic meat]
  6246 | D:8      | Found Zuoppow's General Store.
  6299 | D:8      | Noticed a two-headed ogre
  6311 | D:8      | Killed a two-headed ogre
  6311 | D:8      | Reached skill level 10 in Fighting
  6311 | D:8      | Reached skill level 11 in Long Blades
  6311 | D:8      | Reached XP level 10. HP: 93/93 MP: 9/9
  6321 | D:8      | Found Basoikepp's General Store.
  6322 | D:8      | Found Xughiqij's Food Shoppe.
  6383 | D:8      | Noticed Joseph
  6411 | D:8      | Killed Joseph
  6790 | D:8      | Noticed Pikel
  6791 | D:8      | Noticed Erica
  6809 | D:8      | Reached skill level 5 in Stealth
  6820 | D:8      | HP: 3/94 [poisoned by Erica (bolt of poison)]
  6839 | D:8      | Killed Erica
  6859 | D:8      | Killed Pikel
  7094 | D:8      | Reached skill level 12 in Long Blades
  7143 | D:8      | Found Sezerroq's Book Shoppe.
  7158 | D:8      | Found Fapiud's Antique Armour Emporium.
  7536 | D:9      | Found an iron altar of Okawaru.
  7546 | D:9      | Reached *** piety under Ashenzari
  7850 | D:9      | Found a shadowy altar of Dithmenos.
  7900 | D:9      | Found a snail-covered altar of Cheibriados.
  8294 | D:9      | Found a runed door.
  8294 | D:9      | Noticed a five-headed hydra
  8294 | D:9      | Noticed a flayed ghost
  8296 | D:9      | Noticed an ogre mage
  8296 | D:9      | Noticed a stone giant
  8296 | D:9      | Noticed an unseen horror
  8296 | D:9      | Noticed a centaur warrior
  8296 | D:9      | Noticed an orc knight
  8296 | D:9      | an unseen horror changed into a human
  8439 | D:9      | Reached XP level 11. HP: 77/103 MP: 10/10
  8924 | D:10     | Entered Level 10 of the Dungeon
  9375 | D:10     | Found a staircase to the Lair.
  9406 | D:10     | Reached skill level 13 in Long Blades
 10015 | D:10     | Got the war axe of Guile {chop, rF+ Int+3 Dex+3}
 10016 | D:10     | Identified the +7 war axe of Guile {chop, rF+ Int+3 Dex+3} (You found it on level 10 of the Dungeon)
 10024 | D:10     | Noticed Fannar
 10085 | D:10     | HP: 2/104 [Fannar/staff of cold (16)]
 10089 | D:10     | Mangled by Fannar

Vault maps used:
D:1:      wheals_arrival_linesprint, minmay_pentomino_z4
D:2:      eat_drink_and_be_merry_uskayaw, overflow_temple_1_default,
          grunt_temple_overflow_open, first_bread, uniq_sigmund
D:3:      minmay_goblin_outpost
D:4:      kennysheep_little_box, overflow_temple_1_default,
          kennysheep_mini_moat, nicolae_overflow_crystal_walls, temple_hall,
          gup_sewer_entry_glass, grunt_ministairs_6, fedhas_altar_3
D:5:      nicolae_ossuary_entry_giza, uniq_grinder, uniq_iyjb
D:6:      dk_yredelemnul_ordeal
D:8:      serial_shops, nicolae_shop_competitors_out_of_business, shop,
          nicolae_shop_waterfront, shop, nicolae_shop_overgrown_old_shop,
          uniq_joseph, uniq_erica, uniq_pikel
D:9:      minmay_gate_of_8, cheibriados_altar_1, lemuel_coloured_pillars_altar,
          okawaru_humans
D:10:     david_lair_generic, hangedman_fish_farm, nrook_mini_backslash,
          minivault_16, uniq_fannar
Temple:   minmay_temple_forest_path
Sewer:    sewer_kobolds
Ossuary:  ossuary_due_pyramid

Skill      XL: |  1  2  3  4  5  6  7  8  9 10 11 |
---------------+----------------------------------+-----
Fighting       | 4 5 6 7 8 10 11 | 11.9
Dodging        | 4 5 6 7 9 |  9.5
Long Blades    | 4 5 6 7 9 11 12 13 | 13.0
Stealth        | 2 3 4 5 |  5.7
Axes           | |  0.5

Action                   |  1- 3 |  4- 6 |  7- 9 | 10-12 || total
-------------------------+-------+-------+-------+-------++-------
Melee: Falchion          |    60 |    85 |   334 |   343 ||   822
       Headbutt          |     9 |    13 |    87 |    84 ||   193
       War axe           |       |       |       |    27 ||    27
Invok: Curse Item        |       |     1 |     1 |       ||     2
Evoke: Wand              |       |     1 |       |       ||     1
  Use: Scroll            |     1 |       |       |     1 ||     2
       Potion            |       |       |     1 |    16 ||    17
 Stab: Distracted        |     1 |       |     1 |       ||     2
       Sleeping          |       |     2 |     8 |     6 ||    16
  Eat: Chunk             |       |     3 |     8 |    10 ||    21
       Bread ration      |       |     2 |       |     2 ||     4
Armor: Robe              |    11 |     3 |     7 |    15 ||    36
       Skin              |       |       |       |    81 ||    81
Dodge: Dodged            |    43 |   103 |   261 |   245 ||   652
       Rpst.: Falchion   |    13 |    22 |    58 |    55 ||   148
